 Dungeon Crawl Stone Soup version 0.31-a0-188-g5e087ee2ca (webtiles) character file.

Game seed: 9714168558050099739

140 qw the Skirmisher (level 5, 0/29 HPs)
             Began as a Deep Elf Hunter on June 23, 2023.
             Slain by Pargi (1 damage)
             ... in a sewer.
             The game lasted 00:00:51 (1925 turns).

qw the Skirmisher (Deep Elf Hunter)                 Turns: 1925, Time: 00:00:52

Health: 0/29       AC:  6    Str:  9 (10) XL:     5   Next: 2%
Magic:  7/7        EV: 11    Int: 13 (14) God:
Gold:   131        SH:  0    Dex: 18      Spells: 4/4 levels left

rFire   . . .        Y - +0 shortbow
rCold   . . .        (shield currently unavailable)
rNeg    . . .        e - +0 ring mail
rPois   .            f - +0 helmet
rElec   .            (no cloak)
rCorr   .            (no gloves)
SInv    .            (no boots)
Will    .....        (no amulet)
Stlth   +            (no ring)
HPRegen 0.24/turn    (no ring)
MPRegen 0.10/turn

%: no passive effects
@: no status effects
A: no striking features
a: no special abilities


You were in a sewer.
You visited 1 branch of the dungeon, and saw 3 of its levels.
You also visited: Sewer.

You collected 131 gold pieces.


   Skills:
 - Level 1.5 Fighting
 + Level 8.4 Ranged Weapons
 - Level 2.4 Dodging
 - Level 1.2 Stealth


You had 4 spell levels left.
You didn't know any spells.
Your spell library was empty.

Inventory:

Hand Weapons
 Y - a +0 shortbow (weapon)
Armour
 e - a +0 ring mail (worn)
 f - a +0 helmet (worn)
Wands
 a - a wand of digging (3)
Potions
 b - a potion of resistance {unknown}
 c - a potion of might {unknown}
 h - a potion of curing

Dungeon Overview and Level Annotations

Branches:
Dungeon (3/15)              Sewer (1/1)

Altars:
Gozag
Zin

Annotations:
Sewer Pargi


Message History

Pargi the Meek comes into view.
Pargi shouts!
You shoot an arrow. The arrow barely misses Pargi.
You shoot an arrow. The arrow completely misses Pargi.
You shoot an arrow. The arrow hits Pargi.
Pargi is lightly wounded.
You shoot an arrow. The arrow barely misses Pargi.
You shoot an arrow. The arrow hits Pargi!
Pargi is moderately wounded.
Pargi bites you. Pargi claws you but does no damage. Pargi closely misses you.
You shoot an arrow. The arrow hits Pargi.
Pargi is moderately wounded.
Pargi bites you but does no damage. Pargi closely misses you.
Pargi claws you but does no damage.
You shoot an arrow. The arrow hits Pargi!
Pargi is heavily wounded.
Pargi bites you. Pargi claws you. Pargi closely misses you.
You shoot an arrow. The arrow hits Pargi.
Pargi is heavily wounded.
Pargi bites you. Pargi closely misses you. Pargi barely misses you.
You shoot an arrow. The arrow closely misses Pargi.
Pargi bites you but does no damage. Pargi claws you but does no damage.
Pargi barely misses you. Pargi bites you but does no damage. Pargi misses you.
Pargi barely misses you.
You shoot an arrow. The arrow closely misses Pargi.
Pargi barely misses you. Pargi claws you but does no damage. Pargi claws you.
You shoot an arrow. The arrow hits Pargi!
Pargi is severely wounded.
Pargi bites you but does no damage. Pargi closely misses you.
Pargi claws you but does no damage.
You shoot an arrow. The arrow barely misses Pargi.
Pargi looks very sad for a moment.
Pargi bites you. Pargi barely misses you. Pargi claws you.
You shoot an arrow. The arrow closely misses Pargi.
Pargi closely misses you. x2; Pargi barely misses you.
You shoot an arrow. The arrow barely misses Pargi.
Pargi bites you but does no damage. Pargi claws you. x2
You shoot an arrow. The arrow barely misses Pargi.
Pargi bites you. Pargi claws you. x2
You die...

#\# #.# #.#
####### #.#
##.....## #.#
#...~%..## #.#
...~~~...#######%#
\%~~~~~..........#
...~~~...#######@#
#...~...## #T#
##.....## #!#
####### #.# ...
... ... .....


You could see Pargi.

Vanquished Creatures
  An orc priest (D:3)
  2 adders (D:3)
  An adder zombie (D:2)
  An adder skeleton (D:2)
  A worm (D:2)
  3 dart slugs
  2 orcs (D:3)
  8 bats
  A bat zombie (D:2)
  3 endoplasms
  7 giant cockroaches
  5 goblins
  A hobgoblin (D:1)
  3 jackals (D:1)
  4 quokkas (D:3)
  5 ball pythons
  A ball python zombie (D:2)
  4 frilled lizards
  8 kobolds
  3 quokka skeletons (D:2)
  3 quokka zombies (D:2)
  4 rats
71 creatures vanquished.

Notes
Turn   | Place    | Note
-------+----------+-------------------------------------------
     0 | D:1      | qw the Deep Elf Hunter began the quest for the Orb.
     0 | D:1      | Reached XP level 1. HP: 12/12 MP: 3/3
     0 | D:1      | 0 ||| qw: Version: 0.3-a-9-g12657ce
     0 | D:1      | 0 ||| qw: Game counter: 3859
     0 | D:1      | 0 ||| qw: Always use a shield: true
     0 | D:1      | 0 ||| qw: God list: Okawaru
     0 | D:1      | 0 ||| qw: Allow faded altars: false
     0 | D:1      | 0 ||| qw: Do Orc after D:15 true
     0 | D:1      | 0 ||| qw: Do second Lair branch before Depths: true
     0 | D:1      | 0 ||| qw: Lair rune preference: random
     0 | D:1      | 0 ||| qw: Plans: Normal
     0 | D:1      | 0 ||| PLANNING D:1-11
    68 | D:1      | Reached XP level 2. HP: 11/16 MP: 4/4
   113 | D:1      | Reached skill level 6 in Ranged Weapons
   655 | D:1      | Found a faded altar of an unknown god.
   699 | D:1      | Reached XP level 3. HP: 20/20 MP: 5/5
   895 | D:1      | 895 ||| UPGRADING to +0 ring mail.
   905 | D:1      | 905 ||| DROPPING +0 leather armour.
   906 | D:1      | 906 ||| UPGRADING to +0 helmet.
   911 | D:1      | 911 ||| READING scroll labelled XOSONITIYW.
   912 | D:1      | 912 ||| READING scroll labelled ALEOVE DUTUHACA.
   951 | D:1      | 951 ||| DRINKING 2 murky golden potions.
   952 | D:1      | 952 ||| DROPPING scroll of butterflies.
   953 | D:1      | 953 ||| DROPPING potion of degeneration.
  1072 | D:2      | Reached skill level 7 in Ranged Weapons
  1454 | D:2      | 1454 ||| READING scroll labelled NEOKHLES TAQI.
  1455 | D:2      | 1455 ||| READING scroll labelled ACIKUKK BEWI.
  1456 | D:2      | 1456 ||| READING scroll labelled LEUMMEU OSUISS.
  1457 | D:2      | 1457 ||| DRINKING 2 pink potions.
  1491 | D:3      | 1491 ||| PLANNING SEWER
  1558 | D:3      | Reached XP level 4. HP: 25/25 MP: 6/6
  1680 | D:3      | Found a glowing silver altar of Zin.
  1691 | D:3      | Reached skill level 8 in Ranged Weapons
  1749 | D:3      | Found an opulent altar of Gozag.
  1869 | D:3      | Found a glowing drain.
  1885 | Sewer    | Entered a sewer
  1887 | Sewer    | Reached XP level 5. HP: 29/29 MP: 7/7
  1910 | Sewer    | Noticed Pargi
  1924 | Sewer    | HP: 5/29 [Pargi (3)]
  1925 | Sewer    | HP: 2/29 [Pargi (3)]
  1925 | Sewer    | Slain by Pargi

Levels and vault maps discovered:
D:1:      roderic_crop_circles_arrival_small, layout_loops_corners,
          serial_aquarium, aquarium_bridge_square [aquarium_subvault_bridge,
          aquarium_subvault_window, aquarium_subvault_bridge,
          aquarium_subvault_wall], aquarium_window_fake, aquarium_window_2,
          aquarium_window_1, aquarium_window_1, aquarium_view_2c,
          aquarium_pool_split, dreamdust_ecumenical_altar_sealed_demon
D:2:      layout_basic, serial_undead, serial_undead_e, serial_undead_d,
          serial_undead_e, serial_undead_f, serial_undead_f, serial_undead_d,
          serial_undead_c, serial_undead_b
D:3:      layout_rooms, grunt_temple_overflow_gold_and_silver,
          portal_sewer_entry_f, grunt_decor_resistance, serial_bayou_ford_a,
          minivault_4, kennysheep_generic_room_6
Sewer:    sewer_big_baddie

Skill      XL: |  1  2  3  4 |
---------------+-------------+-----
Ranged Weapons | 6 7 8 |  8.4
Fighting       | |  1.5
Dodging        | |  2.4
Stealth        | |  1.2

Action                     |  1- 3 |  4- 6 || total
---------------------------+-------+-------++-------
   Fire: Shortbow          |   124 |    62 ||   186
    Use: Scroll            |     5 |       ||     5
         Potion            |     2 |       ||     2
 Armour: Leather armour    |     6 |       ||     6
         Ring mail         |     8 |    14 ||    22
  Dodge: Dodged            |    30 |    22 ||    52

Table legend:
 A = Non-vault XP
 B = Vault XP
 C = Vault XP percentage of total XP
 D = Non-vault monster count
 E = Vault monster count
 F = Vault count percentage of total count
                 A         B        C        D         E       F
            +---------+---------+-------+---------+---------+-------
      Total |     165 |      36 |  17.9 |      53 |      18 |  25.4
            +---------+---------+-------+---------+---------+-------
        D:1 |      41 |       0 |   0.0 |      24 |       0 |   0.0
        D:2 |      31 |      20 |  39.2 |      13 |      10 |  43.5
        D:3 |      93 |      10 |   9.7 |      16 |       5 |  23.8
      Sewer |       0 |       6 | 100.0 |       0 |       3 | 100.0
            +---------+---------+-------+---------+---------+-------
